 Dungeon Crawl Stone Soup version 0.18.1-48-g4cf74bf (webtiles) character file.

275 tyranidshit the Skirmisher (level 6, 0/53 HPs)
             Began as a Demonspawn Abyssal Knight on Sept 10, 2016.
             Was a Believer of Lugonu.
             Succumbed to a worker ant's poison
             ... on level 4 of the Dungeon.
             The game lasted 00:07:37 (2229 turns).

tyranidshit the Skirmisher (DsAK)                   Turns: 2229, Time: 00:07:38

Health: 0/53       AC: 12    Str: 14    XL:     6   Next: 3%
Magic:  7/7        EV:  3    Int: 14    God:    Lugonu [**....]
Gold:   181        SH:  0    Dex: 12    Spells: 0 memorised, 5 levels left

rFire  . . .     SeeInvis .     f - +2 hand axe (flame)
rCold  + . .     Gourm    .     e - +0 plate armour
rNeg   . . .     Faith    .     (no shield)
rPois  .         Spirit   .     (no helmet)
rElec  .         Dismiss  .     (no cloak)
rCorr  +         Reflect  .     (no gloves)
SustAt .         Harm     .     d - +1 pair of boots
MR     .....                    (no amulet)
Stlth  ..........               c - -3 ring of protection (curse)
                                g - ring of resist corrosion

@: lethally poisoned (0 -> -3), not resistant to hostile enchantments, extremely
unstealthy
A: molten scales 2, cold resistance 1
a: Depart the Abyss, Bend Space, Renounce Religion


You were on level 4 of the Dungeon.
You worshipped Lugonu.
Lugonu was pleased with you.
You were not hungry.

You visited 1 branch of the dungeon, and saw 4 of its levels.
You visited the Abyss 1 time.

You collected 181 gold pieces.

Inventory:

Hand Weapons
 a - a +2 hand axe
 f - a +2 hand axe of flaming (weapon)
Armour
 b - a +0 leather armour
 d - a +1 pair of boots (worn)
 e - a +0 plate armour (worn)
Jewellery
 c - a cursed -3 ring of protection (right hand)
 g - a ring of resist corrosion (left hand)
Wands
 l - a wand of teleportation (5/9)
Scrolls
 j - a scroll of teleportation
Comestibles
 h - a bread ration
 i - a slice of pizza
 k - 2 meat rations


   Skills:
 + Level 6.8 Fighting
 - Level 1.7 Axes
 - Level 1.7 Armour
 - Level 0.8 Dodging
 - Level 2.4 Invocations


You had 5 spell levels left.
You didn't know any spells.

Dungeon Overview and Level Annotations

Branches:
Dungeon (4/15)
 Temple: D:4-7

Altars:
Cheibriados
Dithmenos
Nemelex Xobeh
Qazlal
Ru
The Shining One

Annotations:
D:4 Pikel


Innate Abilities, Weirdness & Mutations

You are mostly covered in molten scales (AC +3, EV -1).
Your flesh is cold resistant.


Message History

The worker ant is heavily wounded.
* * * LOW HITPOINT WARNING * * *
You feel sick.
The worker ant bites you but does no damage.
You hit the worker ant. You burn the worker ant.
You kill the worker ant!
Lugonu accepts your kill.
You have reached level 6!
Your experience leads to an increase in your attributes!
Increase (S)trength, (I)ntelligence, or (D)exterity?
You feel stronger.
* * * LOW HITPOINT WARNING * * *
You feel sick.
* * * LOW HITPOINT WARNING * * *
You feel sick.
You see here a worker ant corpse.
Unknown command.
* * * LOW HITPOINT WARNING * * *
You feel sick.
You die...

#######
#########......
.######
###............##
.......
#........###.#..#
#.....####........#
#.##..
#.....#..@........#
#.####
#.....).##........#
#.. #
#...>.####........#
##. # #.....
#........# .# #
#..... #........# #
#..... #........#
#..... #........#
#..... ###.#.###..
#####. #.#.. ...


There were no monsters in sight!

Vanquished Creatures
  Natasha (thrice) (D:3)
  Jessica (D:2)
  Ijyb (D:2)
  A worker ant (D:4)
  An orc wizard (D:3)
  2 adders (D:2)
  2 oozes
  A dart slug (D:2)
  4 giant geckos
  3 orcs (D:3)
  5 giant cockroaches
  3 goblins
  8 hobgoblins
  2 jackals (D:1)
  3 quokkas
  A ball python (D:2)
  8 bats
  5 giant newts
  5 kobolds
  9 rats
68 creatures vanquished.

Notes
Turn   | Place    | Note
--------------------------------------------------------------
     0 | Abyss:1  | tyranidshit the Demonspawn Abyssal Knight began the quest for the Orb.
     0 | Abyss:1  | Reached XP level 1. HP: 18/18 MP: 2/2
    56 | Abyss:2  | Found a corrupted altar of Lugonu.
    72 | Abyss:2  | Found a corrupted altar of Lugonu.
    94 | Abyss:2  | Noticed a quasit
    97 | Abyss:2  | Noticed an orange demon
    99 | Abyss:2  | Noticed an ancient zyme
   119 | Abyss:3  | Noticed a frost giant simulacrum
   158 | Abyss:3  | Noticed a thrashing horror
   162 | D:1      | Escaped the Abyss
   267 | D:1      | Gained mutation: Your flesh is cold resistant. [demonic ancestry]
   267 | D:1      | Reached XP level 2. HP: 15/24 MP: 3/3
   321 | D:1      | Reached * piety under Lugonu
   633 | D:1      | Reached skill level 4 in Fighting
   813 | D:2      | Gained mutation: You are partially covered in molten scales (AC +1). [demonic ancestry]
   813 | D:2      | Reached XP level 3. HP: 24/31 MP: 4/4
  1128 | D:2      | Noticed Jessica
  1146 | D:2      | Killed Jessica
  1146 | D:2      | Reached skill level 5 in Fighting
  1146 | D:2      | Gained mutation: You are mostly covered in molten scales (AC +3, EV -1). [demonic ancestry]
  1146 | D:2      | Reached XP level 4. HP: 35/39 MP: 5/5
  1334 | D:2      | Reached ** piety under Lugonu
  1498 | D:2      | Found a snail-covered altar of Cheibriados.
  1549 | D:2      | Noticed Ijyb
  1559 | D:2      | Killed Ijyb
  1637 | D:3      | Noticed a hungry ghost
  1751 | D:3      | Reached XP level 5. HP: 42/46 MP: 6/6
  1760 | D:3      | Found a stormy altar of Qazlal.
  1768 | D:3      | Found a faded altar to an unknown god.
  1847 | D:3      | Found a glowing golden altar of the Shining One.
  1861 | D:3      | Noticed Natasha
  1876 | D:3      | Killed Natasha
  1876 | D:3      | Reached skill level 6 in Fighting
  1895 | D:3      | Found a shadowy altar of Dithmenos.
  1895 | D:3      | Found a sparkling altar of Nemelex Xobeh.
  1896 | D:3      | Found a sacrificial altar of Ru.
  1979 | D:3      | Noticed Natasha
  1987 | D:3      | Killed Natasha
  2021 | D:3      | Noticed Natasha
  2027 | D:3      | Killed Natasha
  2138 | D:4      | Noticed Pikel
  2139 | D:4      | Noticed a slave
  2156 | D:4      | Noticed a slave
  2224 | D:4      | Reached XP level 6. HP: 3/53 MP: 7/7
  2224 | D:4      | HP: 2/53 [poisoned by a worker ant]
  2229 | D:4      | Succumbed to a worker ant's poison

Skill      XL: |  1  2  3  4  5 |
---------------+----------------+-----
Fighting       | 4 5 6 |  6.8
Axes           | |  1.7
Armour         | |  1.7
Dodging        | |  0.8
Invocations    | |  2.4

Action                   |  1- 3 |  4- 6 || total
-------------------------+-------+-------++-------
Melee: Hand axe          |   121 |   138 ||   259
Invok: Depart the Abyss  |     1 |       ||     1
Evoke: Wand              |       |     1 ||     1
  Use: Scroll            |     4 |     4 ||     8
       Potion            |     1 |     2 ||     3
  Eat: Bread ration      |     1 |     1 ||     2
Armor: Plate armour      |   105 |   178 ||   283
Dodge: Dodged            |    28 |    14 ||    42
